 Dungeon Sprint DCSS version 0.19.0-24-gb05acd6 (webtiles) character file.

6895 Groucho the Unseen (level 10, -4/46 HPs)
             Began as a Spriggan Assassin on Nov 20, 2016.
             Was the Champion of Lugonu.
             Slain by a spriggan berserker
             ... wielding a +0 quarterstaff
              (16 damage)
             ... in the Dungeon (Sprint IV: "Fedhas' Mad Dash").
             The game lasted 00:15:04 (3418 turns).

Groucho the Unseen (Spriggan Assassin)              Turns: 3418, Time: 00:15:04

Health: -4/46      AC:  5    Str: 10    XL:     10   Next: 79%
Magic:  23/25      EV: 26    Int: 15    God:    Lugonu [******]
Gold:   152        SH: 10    Dex: 19    Spells: 6 memorised, 16 levels left

rFire  + + .     SeeInvis +     a - +2 dagger
rCold  . . .     Gourm    .     i - +2 robe {rF+}
rNeg   . . .     Faith    .     q - +3 buckler of Pozxuxka {rF+ Str+3}
rPois  .         Spirit   .     (helmet restricted)
rElec  .         Reflect  .     d - +0 cloak
rCorr  .         Harm     .     (gloves unavailable)
MR     +....     NoTele   +     (boots unavailable)
Stlth  +++++++...               n - amulet of invisibility {+Inv}
                                (no ring)
                                (no ring)

@: very slightly contaminated, repel missiles, very quick
A: unfitting armour, see invisible, herbivore 3, speed 3, slow metabolism 2
a: Bend Space, Banish, Corrupt, Brand Weapon With Distortion, Renounce Religion,
Evoke Invisibility


You were in the Dungeon.
You worshipped Lugonu.
Lugonu was exalted by your worship.
You were full.

You visited 1 branch You collected 272 gold pieces.
You spent 120 gold pieces at shops.

Inventory:

Hand Weapons
 a - a +2 dagger (weapon)
 b - a +0 blowgun
Missiles
 e - a poisoned needle
Armour
 d - a +0 cloak (worn)
 i - a +2 robe of fire resistance (worn)
 j - a +2 buckler
 q - the +3 buckler of Pozxuxka (worn) {rF+ Str+3}
   (You found it in the Dungeon)

   It affects your strength (+3).
   It protects you from fire.
Jewellery
 c - an uncursed ring of flight {unknown}
 n - the amulet of invisibility (around neck) {+Inv}
   (You found it in the Dungeon)

   [amulet of nothing]

   It lets you turn invisible.
Scrolls
 r - a scroll of identify {unknown}
Potions
 k - 2 potions of magic
 p - a potion of cure mutation {unknown}
Books
 s - a book of Minor Magic

   Spells                             Type                      Level
   a - Magic Dart                     Conjuration                  1
   b - Blink                          Translocation                2
   c - Call Imp                       Summoning                    2
   d - Repel Missiles                 Charms/Air                   2
   e - Slow                           Hexes                        2
   f - Conjure Flame                  Conjuration/Fire             3
   g - Mephitic Cloud                 Conjuration/Poison/Air       3
Comestibles
 f - a royal jelly


   Skills:
 - Level 1.5 Fighting
 + Level 9.0 Short Blades
 * Level 9.4 Throwing
 + Level 9.8 Dodging
 + Level 17.3 Stealth
 * Level 4.4 Shields
 - Level 10.0 Spellcasting
 + Level 3.2 Conjurations
 - Level 5.0 Air Magic
 - Level 5.4 Poison Magic
 + Level 10.0 Invocations
 + Level 12.1 Evocations


You had 16 spell levels left.
You knew the following spells:

 Your Spells              Type           Power        Failure   Level  Hunger
a - Magic Dart            Conj           ###.         3%          1    None
b - Blink                 Tloc           N/A          17%         2    None
c - Call Imp              Summ           #.......     17%         2    None
d - Repel Missiles        Chrm/Air       ###...       8%          2    None
e - Conjure Flame         Conj/Fire      ##......     21%         3    None
f - Mephitic Cloud        Conj/Pois/Air  ###.....     6%          3    None


Dungeon Overview and Level Annotations

Branches:
Dungeon (1/1)

Altars:
Cheibriados
Dithmenos
Elyvilon
Gozag
Hepliaklqana
Kikubaaqudgha
Makhleb
Nemelex Xobeh
Okawaru
Qazlal
Ru
Sif Muna
Trog
Uskayaw
Vehumet
Xom
Yredelemnul
Zin
The Shining One
Beogh
Jiyva
Lugonu

Shops:
D [}(*::!


Innate Abilities, Weirdness & Mutations

You are very small and have problems with some larger weapons.
You are too small for most types of armour.
You have supernaturally acute eyesight. (SInv)
You are a herbivore.
You cover ground extremely quickly.
You need consume almost no food.


Message History

Aiming: Magic Dart
Press: ? - help, Shift-Dir - straight line, f - spriggan berserker
Aim: a spriggan berserker, wielding a quarterstaff and wearing an animal skin (berserk, fast, unusually strong)
The magic dart hits the spriggan berserker.
The spriggan berserker is lightly wounded.
The spriggan berserker hits you but does no damage.
Casting: Magic Dart
Confirm with . or Enter, or press ? or * to list all spells.
Aiming: Magic Dart
Press: ? - help, Shift-Dir - straight line, f/p - spriggan berserker
Aim: a spriggan berserker, wielding a quarterstaff and wearing an animal skin (lightly wounded, berserk, fast, unusually strong)
The magic dart hits the spriggan berserker.
The spriggan berserker is lightly wounded.
The spriggan berserker hits you with a quarterstaff!
The spriggan berserker hits you with a quarterstaff!!
* * * LOW HITPOINT WARNING * * *
Unknown command.
You feel better.
The spriggan berserker hits you with a quarterstaff!
You die...

#####################
⌠.#..)...#....##∩##)#
..'..#..[#....'i@##'#
..#..###'##...##∩#..####
..#.)##∩∩.'...#####....#
⌠.#################...∩#
#######....))###.....♣.#
#.'.)'.......'.'...♣..∩#
..#..#.P.....###########
#(##'##.P....#
..#♣.♣########


You could see a spriggan berserker (berserk).

Vanquished Creatures
  Agnes (D)
  A spriggan druid (D)
  6 oklob plants (D)
  A demonic crawler (D)
  3 wandering mushrooms (D)
  A queen bee (D)
  A hornet (D)
  3 burning bushes (D)
  5 oklob saplings (D)
  2 scorpions (D)
  4 killer bees (D)
  A worker ant (D)
  5 spriggans (D)
  A river rat (D)
  A rat (D)
  A ballistomycete (D)
  A ballistomycete spore (D)
38 creatures vanquished.

Notes
Turn   | Place    | Note
-------+----------+-------------------------------------------
     0 | D        | Groucho the Spriggan Assassin began the quest for the Orb.
     0 | D        | Reached XP level 1. HP: 10/10 MP: 2/2
    13 | D        | Reached skill level 7 in Stealth
    13 | D        | Reached XP level 2. HP: 4/14 MP: 3/3
   556 | D        | Noticed an oklob sapling
   560 | D        | Reached skill level 9 in Stealth
   560 | D        | Reached XP level 3. HP: 18/18 MP: 4/4
   579 | D        | Found an opulent altar of Gozag.
   579 | D        | Found a hazy altar of Hepliaklqana.
   579 | D        | Found a burning altar of Makhleb.
   579 | D        | Found a sparkling altar of Nemelex Xobeh.
   579 | D        | Found a sacrificial altar of Ru.
   579 | D        | Found a deep blue altar of Sif Muna.
   579 | D        | Found a shimmering altar of Xom.
   579 | D        | Found a basalt altar of Yredelemnul.
   580 | D        | Found a viscous altar of Jiyva.
   580 | D        | Found a roughly hewn altar of Beogh.
   580 | D        | Found a snail-covered altar of Cheibriados.
   580 | D        | Found a bloodstained altar of Trog.
   580 | D        | Noticed an oklob sapling priest
   581 | D        | Found an iron altar of Okawaru.
   581 | D        | Found a shadowy altar of Dithmenos.
   581 | D        | Found a glowing silver altar of Zin.
   582 | D        | Found an ancient bone altar of Kikubaaqudgha.
   582 | D        | Found a hide-covered altar of Uskayaw.
   583 | D        | Found a stormy altar of Qazlal.
   583 | D        | Found a white marble altar of Elyvilon.
   583 | D        | Found a glowing golden altar of the Shining One.
   584 | D        | Found a corrupted altar of Lugonu.
   584 | D        | Found a radiant altar of Vehumet.
   592 | D        | Became a worshipper of Lugonu the Unformed
   592 | D        | Reached * piety under Lugonu
   596 | D        | Killed an oklob sapling priest
   596 | D        | Reached skill level 5 in Short Blades
   596 | D        | Reached skill level 10 in Stealth
   596 | D        | Reached XP level 4. HP: 22/22 MP: 3/5
   785 | D        | Reached skill level 5 in Evocations
   918 | D        | Reached ** piety under Lugonu
   918 | D        | Reached XP level 5. HP: 25/25 MP: 7/11
   927 | D        | Reached skill level 11 in Stealth
   927 | D        | Reached skill level 1 in Spellcasting
   927 | D        | Reached skill level 1 in Invocations
   938 | D        | Noticed a queen bee
  1101 | D        | Reached skill level 5 in Throwing
  1102 | D        | Reached *** piety under Lugonu
  1102 | D        | Reached skill level 12 in Stealth
  1102 | D        | Reached XP level 6. HP: 30/30 MP: 10/13
  1116 | D        | Killed a queen bee
  1116 | D        | Reached skill level 5 in Dodging
  1116 | D        | Reached skill level 13 in Stealth
  1116 | D        | Reached skill level 5 in Invocations
  1116 | D        | Reached XP level 7. HP: 33/33 MP: 11/17
  1332 | D        | Noticed an oklob plant
  1335 | D        | Killed an oklob plant
  1335 | D        | Reached skill level 14 in Stealth
  1349 | D        | Noticed a burning bush
  1352 | D        | Killed a burning bush
  1352 | D        | Reached XP level 8. HP: 37/37 MP: 18/21
  1567 | D        | Noticed a burning bush
  1567 | D        | Noticed an oklob plant
  1568 | D        | Noticed a wandering mushroom
  1569 | D        | Killed a burning bush
  1569 | D        | Reached **** piety under Lugonu
  1574 | D        | Killed an oklob plant
  1574 | D        | Reached skill level 15 in Stealth
  1574 | D        | Reached skill level 10 in Evocations
  1578 | D        | Killed a wandering mushroom
  1578 | D        | Reached XP level 9. HP: 41/41 MP: 20/23
  1581 | D        | Got a steaming buckler
  1588 | D        | Identified the +3 buckler of Pozxuxka {rF+ Str+3} (You found it in the Dungeon)
  1597 | D        | Noticed a spriggan druid
  1598 | D        | Killed a spriggan druid
  1598 | D        | Reached ***** piety under Lugonu
  1598 | D        | Reached skill level 16 in Stealth
  1598 | D        | Reached skill level 1 in Shields
  1721 | D        | Noticed an oklob plant conjurer
  1722 | D        | Killed an oklob plant conjurer
  1722 | D        | Reached skill level 10 in Spellcasting
  1731 | D        | Learned a level 1 spell: Magic Dart
  1734 | D        | Learned a level 2 spell: Blink
  1737 | D        | Learned a level 2 spell: Call Imp
  1740 | D        | Learned a level 2 spell: Repel Missiles
  1744 | D        | Learned a level 3 spell: Conjure Flame
  1748 | D        | Learned a level 3 spell: Mephitic Cloud
  1817 | D        | Noticed an oklob plant
  1818 | D        | Noticed an oklob plant shifter
  1818 | D        | Noticed an oklob plant summoner
  1822 | D        | Killed an oklob plant
  1822 | D        | Reached skill level 1 in Air Magic
  1822 | D        | Reached skill level 1 in Poison Magic
  1824 | D        | Killed an oklob plant summoner
  1824 | D        | Reached skill level 1 in Conjurations
  1827 | D        | Killed an oklob plant shifter
  2308 | D        | Found Wedes's Gadget Shop.
  2309 | D        | Found Egynu's Antique Armour Emporium.
  2314 | D        | Bought a runed robe for 120 gold pieces
  2332 | D        | Noticed a burning bush
  2332 | D        | Noticed a wandering mushroom
  2333 | D        | Noticed a wandering mushroom
  2336 | D        | Killed a burning bush
  2336 | D        | Reached XP level 10. HP: 46/46 MP: 22/25
  2337 | D        | Reached ****** piety under Lugonu
  2345 | D        | Found Nogug's Assorted Antiques.
  2346 | D        | Found Wuomup Mung's Book Emporium.
  2455 | D        | Noticed a spriggan rider
  2496 | D        | Reached skill level 5 in Poison Magic
  2575 | D        | Reached skill level 17 in Stealth
  2575 | D        | Reached skill level 5 in Air Magic
  2608 | D        | Found Jenus's Book Emporium.
  2612 | D        | Found Yrghauhy's Distillery.
  2662 | D        | Noticed Agnes
  2699 | D        | Killed Agnes
  2699 | D        | Reached skill level 10 in Invocations
  2873 | D        | Found Hutiunats's Antique Weapon Emporium.
  2873 | D        | Noticed a spriggan berserker
  2987 | D        | Noticed a death yak
  3001 | D        | Noticed a death yak
  3418 | D        | Slain by a spriggan berserker

Skill      XL: |  1  2  3  4  5  6  7  8  9 10 |
---------------+-------------------------------+-----
Short Blades   | 3 4 5 6 7 8 9 |  9.0
Stealth        | 7 9 10 12 13 14 15 16 17 | 17.3
Throwing       | 3 4 5 6 7 8 9 |  9.4
Evocations     | 7 8 9 10 11 12 | 12.1
Dodging        | 3 5 7 8 9 |  9.8
Spellcasting   | 4 6 8 9 10 | 10.0
Invocations    | 3 5 6 8 9 10 | 10.0
Shields        | 2 4 |  4.4
Air Magic      | 3 5 |  5.0
Poison Magic   | 3 5 |  5.4
Conjurations   | 1 3 |  3.2
Fighting       | |  1.5

Action                   |  1- 3 |  4- 6 |  7- 9 | 10-12 || total
-------------------------+-------+-------+-------+-------++-------
Melee: Dagger            |     4 |    16 |    24 |    33 ||    77
 Fire: Blowgun           |     1 |     9 |     5 |    24 ||    39
 Cast: Magic Dart        |       |       |     1 |     5 ||     6
       Repel Missiles    |       |       |       |     1 ||     1
 Abil: Evoke Invisibilit |     1 |     3 |     5 |       ||     9
  Use: Potion            |       |       |       |     4 ||     4
       Scroll            |       |       |       |     2 ||     2
 Stab: Sleeping          |     3 |     2 |    12 |     4 ||    21
       Invisible         |       |     2 |       |       ||     2
  Eat: Royal jelly       |       |       |     2 |       ||     2
       Bread ration      |       |       |       |     1 ||     1
Armor: Robe              |       |       |       |     2 ||     2
Dodge: Dodged            |       |     8 |     1 |    14 ||    23
Block: Buckler           |       |       |       |    12 ||    12
